 Dungeon Crawl Stone Soup version 0.19-a0-475-gfca3800 (webtiles) character file.

101 epen the Charmwright (level 4, -2/35 HPs)
             Began as a Merfolk Skald on June 4, 2016.
             Slain by an adder (5 damage)
             ... on level 3 of the Dungeon.
             The game lasted 00:04:16 (2571 turns).

epen the Charmwright (Merfolk Skald)                Turns: 2571, Time: 00:04:17

Health: -2/35      AC:  4    Str: 12    XL:     4   Next: 75%
Magic:  0/7        EV: 12    Int: 12    God:
Gold:   60         SH:  0    Dex: 13    Spells: 3 memorised, 1 level left

rFire  . . .     SeeInvis .     a - +0 spear
rCold  . . .     Gourm    .     b - +0 leather armour
rNeg   + . .     Faith    .     (no shield)
rPois  .         Spirit   .     (no helmet)
rElec  .         Dismiss  .     u - +0 cloak
rCorr  .         Reflect  .     (no gloves)
SustAt .         Harm     .     (no boots)
MR     .....                    (no amulet)
Stlth  +.........               (no ring)
                                e - ring of positive energy

@: lethally poisoned (-2 -> -6), not resistant to hostile enchantments, very
unstealthy
A: change form in water, swift swim
a: no special abilities


You were on level 3 of the Dungeon.
You were hungry.

You visited 1 branch of the dungeon, and saw 3 of its levels.

You collected 60 gold pieces.

Inventory:

Hand Weapons
 a - a +0 spear (weapon)
Armour
 b - a +0 leather armour (worn)
 u - a +0 cloak (worn)
Jewellery
 e - a ring of positive energy (left hand)
Scrolls
 f - 3 scrolls of recharging {unknown}
 g - a scroll of amnesia {unknown}
 h - a scroll of fog {unknown}
 i - 3 scrolls of identify {unknown}
 j - a scroll of remove curse {unknown}
 q - a scroll of noise {unknown}
Potions
 k - 2 potions of heal wounds {unknown}
 l - a potion of resistance {unknown}
 m - a potion of berserk rage {unknown}
 n - a potion of mutation {unknown}
 o - a potion of curing {unknown}
 p - a potion of brilliance {unknown}
 r - a potion of degeneration {unknown}
 t - a potion of haste {unknown}
Books
 c - a book of Battle

   Spells                             Type                      Level
   a - Infusion                       Charms                       1
   b - Shroud of Golubria             Charms/Translocation         2
   c - Song of Slaying                Charms                       2
   d - Spectral Weapon                Hexes/Charms                 3
   e - Regeneration                   Charms/Necromancy            3
Comestibles
 d - 2 bread rations
 s - a royal jelly
 v - 5 chunks of flesh


   Skills:
 + Level 3.0 Fighting
 + Level 3.9 Polearms
 + Level 1.1 Armour
 + Level 2.2 Dodging
 + Level 2.3 Spellcasting
 * Level 4.2 Charms


You had one spell level left.
You knew the following spells:

 Your Spells              Type           Power        Failure   Level  Hunger
a - Infusion              Chrm           ##..         8%          1    ##.....
b - Song of Slaying       Chrm           ##......     12%         2    ###....
c - Spectral Weapon       Hex/Chrm       #.......     45%         3    ####...


Dungeon Overview and Level Annotations

Branches:
Dungeon (3/15)

Altars:

Annotations:
D:3 Xiguana's ghost, amateur HOFi


Message History

You draw out your weapon's spirit!
You feel sick. The adder barely misses you.
Something hits your spectral weapon.
Your spectral weapon shares its damage with you!
* * * LOW HITPOINT WARNING * * *
Unknown command.
Attack whom?
Press: ? - help, Dir - move target cursor, f - adder
Aim: an adder You hit the adder.
The adder is lightly wounded.
Your spectral weapon closely misses the adder.
The adder barely misses you.
Attack whom?
Press: ? - help, Dir - move target cursor, f/p - adder
Aim: an adder (lightly wounded)
You miss the adder.
The adder is lightly wounded.
Your spectral weapon misses the adder.
Something hits your spectral weapon. The adder bites you.
You die...

... ... . #.# .# .. #.#
#.##... #####
##.#######.$.....
#...#####................
#....).W..(#.............
#<...#####S..............
#....#...@......)........
#...[)...................
#...######...............
#...# #...............
#...# #.#.............
#...# #.##.....#......
#...# #.##########....
#### #.# #... ... ...


You could see an adder and a friendly spectral spear.

Vanquished Creatures
  Crazy Yiuf (D:2)
  An adder (D:2)
  3 giant geckos
  3 orcs (D:3)
  4 bats
  7 goblins
  10 hobgoblins
  6 jackals
  A quokka (D:3)
  A giant newt (D:1)
  6 kobolds
  11 rats
54 creatures vanquished.

Vanquished Creatures (others)
  A spectral weapon (D:2)
1 creature vanquished.

Grand Total: 55 creatures vanquished

Notes
Turn   | Place    | Note
--------------------------------------------------------------
     0 | D:1      | epen the Merfolk Skald began the quest for the Orb.
     0 | D:1      | Reached XP level 1. HP: 16/16 MP: 3/3
   179 | D:1      | Reached XP level 2. HP: 21/23 MP: 5/5
   406 | D:1      | Learned a level 2 spell: Song of Slaying
   484 | D:1      | Reached XP level 3. HP: 26/28 MP: 3/6
  1389 | D:2      | Learned a level 3 spell: Spectral Weapon
  1790 | D:2      | Noticed Crazy Yiuf
  1832 | D:2      | Killed Crazy Yiuf
  1832 | D:2      | Reached skill level 1 in Armour
  1832 | D:2      | Reached skill level 4 in Charms
  1832 | D:2      | Reached XP level 4. HP: 6/34 MP: 0/7
  2534 | D:3      | Noticed Xiguana's ghost (amateur HOFi)
  2571 | D:3      | Slain by an adder

Vault maps used:
D:1:      dpeg_arrival_simpleton_c
D:2:      uniq_crazy_yiuf_cottage

Skill      XL: |  1  2  3  4 |
---------------+-------------+-----
Dodging        | 2 |  2.2
Armour         | 1 |  1.1
Charms         | 4 |  4.2
Fighting       | 3 |  3.0
Polearms       | |  3.9
Spellcasting   | |  2.3

Action                   |  1- 3 |  4- 6 || total
-------------------------+-------+-------++-------
Melee: Spear             |   151 |    59 ||   210
 Cast: Song of Slaying   |     4 |     2 ||     6
       Infusion          |     3 |     2 ||     5
       Spectral Weapon   |     3 |     2 ||     5
 Stab: Sleeping          |     1 |       ||     1
       Distracted        |       |     1 ||     1
  Eat: Chunk             |     3 |     3 ||     6
Armor: Leather armour    |    31 |    14 ||    45
Dodge: Dodged            |    60 |    40 ||   100
